 Dungeon Crawl Stone Soup version 0.31-a0-408-gb642c7f9a3 (webtiles) character file.

Game seed: 5281796333182612969

201 gelatine the Stinger (level 5, -3/36 HPs)
             Began as a Demonspawn Venom Mage on July 29, 2023.
             Killed from afar by an orc wizard (10 damage)
             ... with a magic dart
             ... on level 5 of the Dungeon.
             The game lasted 00:06:19 (2802 turns).

gelatine the Stinger (Demonspawn Venom Mage)        Turns: 2802, Time: 00:06:19

Health: -3/36      AC:  4    Str:  9    XL:     5   Next: 50%
Magic:  15/18      EV: 12    Int: 18    God:
Gold:   132        SH:  0    Dex: 13    Spells: 9/10 levels left

rFire   . . .        l - +0 short sword
rCold   . . .        (no shield)
rNeg    . . .        a - +0 robe
rPois   .            i - +0 helmet
rElec   .            k - +0 cloak
rCorr   .            (no gloves)
SInv    .            (no boots)
Will    .....        (no amulet)
Stlth   ++           t - ring of magical power
HPRegen 0.26/turn    (no ring)
MPRegen 0.32/turn

%: no passive effects
@: no status effects
A: magic regeneration, weakness stinger 2
a: no special abilities


You were on level 5 of the Dungeon.
You visited 1 branch of the dungeon, and saw 4 of its levels.

You collected 132 gold pieces.

Inventory:

Hand Weapons
 l - a +0 short sword (weapon)
Armour
 a - a +0 robe (worn)
 i - a +0 helmet (worn)
 k - a +0 cloak (worn)
Jewellery
 t - a ring of magical power (left hand)
Talismans
 n - a serpent talisman
Scrolls
 f - a scroll of immolation {unknown}
 g - a scroll of fog {unknown}
 h - 3 scrolls of identify {unknown}
 m - a scroll of amnesia {unknown}
 o - a scroll of poison {unknown}
 p - a scroll of enchant armour {unknown}
 q - a scroll of torment {unknown}
 r - a scroll of brand weapon {unknown}
 s - a scroll of teleportation {unknown}
Potions
 b - a potion of magic
 c - 3 potions of might {unknown}
 d - a potion of enlightenment {unknown}
 e - a potion of curing {unknown}
 j - a potion of haste {unknown}


   Skills:
 * Level 0.8 Fighting
 + Level 0.1 Short Blades
 + Level 1.9 Dodging
 + Level 2.1 Stealth
 + Level 0.1 Unarmed Combat
 + Level 3.2 Spellcasting
 + Level 2.3 Transmutations
 + Level 4.4 Poison Magic


You had 9 spell levels left.
You knew the following spells:

 Your Spells              Type           Power      Damage    Failure   Level
a - Sting                 Tmut/Pois      60%        1d6       4%          1

Your spell library contained the following spells:

 Spells                   Type           Power      Damage    Failure   Level
 Poisonous Vapours        Pois/Air       20%        N/A       10%         2
 Mephitic Cloud           Conj/Pois/Air  8%         N/A       26%         3
 Olgreb's Toxic Radiance  Pois           18%        N/A       26%         4
 Hailstorm                Conj/Ice       2%         3d3       43%         3
 Inner Flame              Hex/Fire       2%         N/A       43%         3
 Flame Wave               Conj/Fire      2%         2d4       85%         4
 Sticky Flame             Conj/Fire      2%         2d3       85%         4
 Summon Ice Beast         Ice/Summ       2%         N/A       85%         4
 Simulacrum               Ice/Necr       1%         N/A       100%        6


Dungeon Overview and Level Annotations

Branches:
Dungeon (3/15)

Altars:
Wu Jian


Innate Abilities, Weirdness & Mutations

You regenerate magic rapidly.
You have a tail ending in a sharp stinger.


Message History

Confirm with . or Enter, or press ? or * to list all spells.
Aiming: Sting (safe; 4% risk of failure)
Press: ? - help, Shift-Dir - straight line, f/p - orc
Aim: an orc, wielding a +0 flail (74% to hit)
The sting hits the orc.
The orc is poisoned.
The orc is severely wounded.
The orc barely misses you.
Casting: Sting (safe; 4% risk of failure)
Confirm with . or Enter, or press ? or * to list all spells.
Aiming: Sting (safe; 4% risk of failure)
Press: ? - help, Shift-Dir - straight line, f/p - orc
Aim: an orc, wielding a +0 flail (severely wounded, poisoned, 74% to hit)
The sting hits the orc.
The orc looks even sicker.
You kill the orc!
Things that are here:
a +0 flail; an orc corpse Something hits you but does no damage.
You barely miss something. Something hits you.
You barely miss something.
Your tail-slap misses something.
Something hits you.
You closely miss something.
Your tail-slap misses something.
Something hits you but does no damage.
You closely miss something. Something hits you but does no damage.
You closely miss something.
Your tail-slap misses something.
Something hits you.
You miss something. Something hits you but does no damage.
You miss something.
Your tail-slap misses something.
You hear some strange, mumbled words.
A puff of flame appears from out of thin air!
The puff of flame hits you.
* * * LOW HITPOINT WARNING * * *
You miss something. Something hits you.
* * * LOW HITPOINT WARNING * * *
Casting: Sting (safe; 4% risk of failure)
Confirm with . or Enter, or press ? or * to list all spells.
Aiming: Sting (safe; 4% risk of failure)
Press: ? - help, Shift-Dir - straight line You hear some strange, mumbled words.
A magic dart appears from out of thin air!
The magic dart hits you!
You die...

### ###
#####.####.#
...#......#
#.#####.#.####.#
#..............#
######{#.######
#....@#.^.#
#.(..)###o#
#.....+ #.#
#.....# #.#
#.....# #.#
####### #†# #{#
... ...


There were no monsters in sight!

Vanquished Creatures
  A scorpion (D:5)
  An orc priest (D:5)
  4 gnolls (D:2)
  3 adders
  2 worms (D:2)
  A dart slug (D:1)
  An orc (D:5)
  4 endoplasms
  2 giant cockroaches
  2 goblins
  5 hobgoblins
  5 kobolds
  A quokka (D:1)
  8 ball pythons
  5 bats
  2 frilled lizards
  4 rats
51 creatures vanquished.

Notes
Turn   | Place    | Note
-------+----------+-------------------------------------------
     0 | D:1      | gelatine the Demonspawn Venom Mage began the quest for the
                  | Orb.
     0 | D:1      | Reached XP level 1. HP: 13/13 MP: 3/3
   288 | D:1      | Discovered your monstrous ancestry.
   288 | D:1      | Gained mutation: You have a small tail. [demonic ancestry]
   288 | D:1      | Reached XP level 2. HP: 15/19 MP: 1/5
   601 | D:1      | Reached skill level 1 in Transmutations
  1387 | D:2      | Reached XP level 3. HP: 24/24 MP: 4/6
  2141 | D:2      | Gained mutation: You have a tail ending in a sharp stinger.
                  | [demonic ancestry]
  2141 | D:2      | Reached XP level 4. HP: 28/30 MP: 3/8
  2160 | D:2      | Reached skill level 4 in Poison Magic
  2524 | D:3      | Found an ornate altar of the Wu Jian Council.
  2656 | D:3      | You fall into a shaft and drop 2 floors!
  2656 | D:5      | Entered Level 5 of the Dungeon
  2769 | D:5      | Noticed a scorpion
  2776 | D:5      | Killed a scorpion
  2777 | D:5      | Gained mutation: You regenerate magic rapidly. [demonic
                  | ancestry]
  2777 | D:5      | Reached XP level 5. HP: 22/36 MP: 9/9
  2802 | D:5      | Killed from afar by an orc wizard

Illustrated notes

Levels and vault maps discovered:
D:1:      minmay_arrival_solitary_statue, layout_basic, serial_forest,
          infiniplex_forest_straight_4, infiniplex_forest_3_way,
          infiniplex_forest_lined_room_, infiniplex_forest_clump_curved,
          infiniplex_forest_straight_3, infiniplex_forest_straight_5,
          infiniplex_forest_lined_2, infiniplex_forest_clump_C,
          hex_intersection, st_stairs_1, amcnicky_mini_rare_corridor_liquid
D:2:      layout_rooms, eino_tiny_chamber
D:3:      cheibrodos_pilgrimage, layout_basic, nzn_wu_jian_contemplation,
          chequers_serial_rivers_small_a
D:5:      layout_basic, minmay_temple_entry_statues_pillars,
          uniq_prince_ribbit1, uniq_sigmund

Skill      XL: |  1  2  3  4 |
---------------+-------------+-----
Stealth        | 2 |  2.1
Transmutations | 1 2 |  2.3
Poison Magic   | 4 |  4.4
Spellcasting   | 3 |  3.2
Fighting       | |  0.8
Short Blades   | |  0.1
Dodging        | |  1.9
Unarmed Combat | |  0.1

Action                     |  1- 3 |  4- 6 || total
---------------------------+-------+-------++-------
  Melee: Unarmed           |    20 |       ||    20
         Punch             |     1 |       ||     1
         Short sword       |    10 |    17 ||    27
         Tailslap          |     2 |     2 ||     4
   Cast: Sting             |    85 |    29 ||   114
 Armour: Robe              |    13 |     7 ||    20
  Dodge: Dodged            |    32 |    12 ||    44

Table legend: (Time is in decaauts)
 A = Elapsed time spent in this place.
 B = Non-inter-level travel time spent in this place.
 C = Inter-level travel time spent in this place.
 D = Time resting spent in this place.
 E = Time spent auto-exploring this place.
 F = Levels seen in this place.
 G = Mean time per level.
                   A        B        C        D        E       F      G
               +--------+--------+--------+--------+--------+-----+--------+
         Total |   2804 |   2781 |     23 |      0 |   2305 |   4 |  701.0 |
       Dungeon |   2804 |   2781 |     23 |      0 |   2305 |   4 |  701.0 |
               +--------+--------+--------+--------+--------+-----+--------+

Top non-repeatable levels by time:
     D:1: 1303 daAuts
     D:2: 1054 daAuts
     D:3: 302 daAuts
     D:5: 145 daAuts
